 Dungeon Crawl Stone Soup version 0.30-a0-859-gf88a04b62d (webtiles) character file.

Game seed: 2325952875123456851

2081 lunkers the Carver (level 9, -2/71 HPs)
             Began as a Meteoran Fighter on Mar 6, 2023.
             Was a Follower of Nemelex Xobeh.
             Slain by a water moccasin (7 damage)
             ... on level 7 of the Dungeon on Mar 7, 2023.
             The game lasted 00:14:22 (2245 turns).

lunkers the Carver (Meteoran Fighter)               Turns: 2245, Time: 00:14:22

Health: -2/71      AC: 11    Str: 18    XL:     9   Next: 80%
Magic:  16/16      EV: 10    Int: 11    God:    Nemelex Xobeh [*.....]
Gold:   308        SH: 10    Dex: 17    Spells: 8/8 levels left

rFire   . . .      SeeInvis +    a - +0 long sword
rCold   . . .      Faith    .    c - +0 buckler
rNeg    . . .      Spirit   .    b - +0 scale mail
rPois   .          Reflect  +    k - +2 hat {SInv}
rElec   .          Rampage  .    (no cloak)
rCorr   .                        g - +1 pair of gloves
Will    +....                    (no boots) Stlth
                                 m - amulet of reflection
HPRegen 0.31/turn                (no ring)
MPRegen 0.15/turn                (no ring)

@: lethally poisoned (-2 -> -8), marked, glowing, studying Armour
A: sense surroundings 2, otherworldly, glowing, explore regen
a: Renounce Religion, Draw Escape, Draw Destruction, Draw Summoning


You were on level 7 of the Dungeon.
You worshipped Nemelex Xobeh.
Nemelex Xobeh was aware of your devotion.
You visited 2 branches of the dungeon, and saw 8 of its levels.

You collected 308 gold pieces.

Inventory:

Hand Weapons
 a - a +0 long sword (weapon)
Armour
 b - a +0 scale mail (worn)
 c - a +0 buckler (worn)
 g - a +1 pair of gloves (worn)
 k - a +2 hat of see invisible (worn)
Jewellery
 m - an amulet of reflection (around neck)
Wands
 e - a wand of flame (2)
Scrolls
 d - a scroll of fog
 j - a scroll of silence {unknown}
 l - a scroll of fear
Potions
 f - a potion of ambrosia
 n - a potion of curing


   Skills:
 + Level 4.1 Fighting
 + Level 11.2 Long Blades
 + Level 5.2 Armour
 + Level 2.3 Dodging
 - Level 3.6 Shields
 + Level 8.4 Invocations


You had 8 spell levels left.
You didn't know any spells.
Your spell library was empty.

Dungeon Overview and Level Annotations

Branches:
Dungeon (7/15) Zot: 1932   Temple (1/1) D:4 Zot: 567

Altars:
Ashenzari
Cheibriados
Dithmenos
Elyvilon
Gozag
Hepliaklqana
Makhleb
Nemelex Xobeh
Okawaru
Qazlal
Ru
Sif Muna
Trog
Uskayaw
Vehumet
Xom
Zin

Shops:
D:5 =

Annotations:
D:5 Eustachio
D:7 qeuew's ghost, novice DEAE


Innate Abilities, Weirdness & Mutations

You passively map the area around you.
You are easily found by Zot.
You glow in the dark.
You regain HP and MP as you explore.


Message History

A water moccasin comes into view.
The centaur shoots an arrow.
The arrow hits you!
* * * LOW HITPOINT WARNING * * *
The centaur shoots an arrow.
You reflect the arrow off an invisible shield around you!
The arrow hits the centaur!
A scorpion comes into view.
The water moccasin barely misses you.
The centaur unwields a +0 shortbow.
The centaur hits you but does no damage.
The centaur kicks you but does no damage.
The water moccasin bites you but does no damage.
You barely miss the water moccasin. You block the centaur's attack. x2
The water moccasin closely misses you. The centaur barely misses you.
The centaur kicks you but does no damage.
You barely miss the water moccasin.
The scorpion stings you but does no damage.
The water moccasin bites you but does no damage.
The centaur hits you but does no damage.
You block the centaur's attack.
You miss the water moccasin. The centaur closely misses you.
You block the centaur's attack.
The water moccasin bites you but does no damage.
The scorpion stings you but does no damage.
The water moccasin bites you but does no damage.
You block the centaur's attack. The centaur barely misses you.
You closely miss the water moccasin. The scorpion completely misses you.
The centaur hits you.
* * * LOW HITPOINT WARNING * * *
The centaur closely misses you. The water moccasin bites you.
* * * LOW HITPOINT WARNING * * *
You are lethally poisoned!
The water moccasin poisons you! You block the scorpion's attack.
You hit the water moccasin but do no damage.
* * * LOW HITPOINT WARNING * * *
You feel very sick. The centaur hits you.
* * * LOW HITPOINT WARNING * * *
You block the centaur's attack. The water moccasin bites you!
You die...
Your body glows slightly brighter and disappears.

, , , , , , *
* * * *, * ,,
# * ** * #. ,
, .#, ** , *
##.#######...
, , ,
#.......... *
,, * #...sSc.#
* * ##..##@#,
* * #......#
**
*###......#, ,
, ,.........#
, ,
*#####...#..#
,,
...........#.#
............>#
#..###.#####.#
,,, ,, ..< .#


You could see a water moccasin, a centaur and a scorpion.

Vanquished Creatures
  A vault sentinel (D:7)
  A steam dragon (D:6)
  2 water moccasins
  2 ice beasts
  2 sky beasts
  3 centaurs
  2 phantoms (D:4)
  A kobold brigand (D:7)
  2 scorpions (D:5)
  4 hounds
  2 iguanas
  3 orc wizards (D:5)
  7 gnolls (D:2)
  7 adders
  A shadow imp (D:6)
  2 white imps
  An ufetubus (D:6)
  4 worms
  5 orcs
  2 bats (D:2)
  5 endoplasms
  2 goblins
  3 hobgoblins
  2 jackals (D:5)
  3 quokkas
  4 ball pythons
  3 frilled lizards (D:2)
  5 kobolds
  5 rats
86 creatures vanquished.

Vanquished Creatures (others)
  4 fungi (D:7)
  2 plants (D:7)
6 creatures vanquished.

Grand Total: 92 creatures vanquished

Notes
Turn   | Place    | Note
-------+----------+-------------------------------------------
     0 | D:1      | lunkers the Meteoran Fighter began the quest for the Orb.
     0 | D:1      | Reached XP level 1. HP: 19/19 MP: 2/2
   186 | D:1      | Reached skill level 3 in Long Blades
   186 | D:1      | Reached XP level 2. HP: 26/26 MP: 3/3
   246 | D:2      | Reached XP level 3. HP: 24/31 MP: 4/4
   252 | D:2      | Reached skill level 4 in Long Blades
   300 | D:2      | Reached XP level 4. HP: 38/38 MP: 5/5
   318 | D:2      | Reached skill level 5 in Long Blades
   379 | D:2      | Reached XP level 5. HP: 16/45 MP: 6/6
   505 | D:2      | Reached skill level 6 in Long Blades
   716 | D:3      | Found a snail-covered altar of Cheibriados.
   782 | D:3      | Noticed an ice beast
   791 | D:3      | Killed an ice beast
   792 | D:3      | Reached skill level 7 in Long Blades
   792 | D:3      | Reached XP level 6. HP: 51/51 MP: 7/7
   826 | D:4      | Found a sparkling altar of Nemelex Xobeh.
   830 | D:4      | Became a worshipper of Nemelex Xobeh the Trickster
   955 | D:4      | Reached skill level 8 in Long Blades
   955 | D:4      | Reached XP level 7. HP: 28/57 MP: 8/8
  1006 | D:4      | Reached skill level 1 in Invocations
  1058 | D:4      | Found a staircase to the Ecumenical Temple.
  1067 | Temple   | Entered the Ecumenical Temple
  1120 | D:5      | Entered Level 5 of the Dungeon
  1256 | D:5      | Reached XP level 8. HP: 59/63 MP: 11/11
  1294 | D:5      | Found a snail-covered altar of Cheibriados.
  1296 | D:5      | Found a shimmering altar of Xom.
  1296 | D:5      | Found a sacrificial altar of Ru.
  1311 | D:5      | Reached skill level 9 in Long Blades
  1319 | D:5      | Found a shimmering altar of Xom.
  1319 | D:5      | Found a shimmering altar of Xom.
  1319 | D:5      | Found a shimmering blue altar of Sif Muna.
  1389 | D:5      | Found a sacrificial altar of Ru.
  1390 | D:5      | Found a bloodstained altar of Trog.
  1391 | D:5      | Found a hide-covered altar of Uskayaw.
  1410 | D:5      | Noticed Eustachio
  1568 | D:5      | Reached * piety under Nemelex Xobeh
  1624 | D:5      | Reached skill level 5 in Invocations
  1635 | D:5      | Found Masuth Jupra's Jewellery Shoppe.
  1705 | D:6      | HP: 2/63 [ufetubus (3)]
  1775 | D:6      | Found a hazy altar of Hepliaklqana.
  1776 | D:6      | Noticed a steam dragon
  1800 | D:6      | Killed a steam dragon
  1801 | D:6      | Reached skill level 10 in Long Blades
  1812 | D:6      | Gained mutation: You passively map the area around you.
                  | [Meteoran growth]
  1812 | D:6      | Reached XP level 9. HP: 23/70 MP: 14/14
  1984 | D:7      | Noticed a troll
  2006 | D:7      | Noticed qeuew's ghost (novice DEAE)
  2032 | D:7      | Reached skill level 11 in Long Blades
  2032 | D:7      | Reached skill level 1 in Dodging
  2050 | D:7      | Found a radiant altar of Vehumet.
  2189 | D:7      | Noticed a vault sentinel
  2189 | D:7      | Noticed a vault sentinel
  2230 | D:7      | Killed a vault sentinel
  2231 | D:7      | Reached skill level 5 in Armour
  2245 | D:7      | Slain by a water moccasin

Illustrated notes

Levels and vault maps discovered:
D:1:      eino_arrival_tree_alley, layout_loops_ring
D:2:      layout_loops_cross, hangedman_decor_lopped, minmay_rat_gold_closets
D:3:      layout_basic, slow_altar_1
D:4:      layout_basic, nicolae_overflow_hidden_temple, lemuel_round_altar,
          mainiacjoe_overflow_brackets, minmay_temple_entry_overgrown,
          kennysheep_doodads, dreamdust_wishing_well
D:5:      layout_rooms, doesnt_xom_only_xom,
          chequers_temple_overflow_statue_of_worship, serial_shops,
          nicolae_shop_behind_doors, roderic_serpentine_path,
          chequers_serial_rivers_large_b, uniq_eustachio
D:6:      layout_basic, old_standard_altar, minmay_misc_feat_tiny,
          minmay_manual_mares
D:7:      layout_basic, fedhas_altar_3, mainiacjoe_overflow_catwalk,
          gammafunk_ghost_arena, hellmonk_guarded_unrand_gong
Temple:   hellmonk_temple_two_chambers

Skill      XL: |  1  2  3  4  5  6  7  8  9 |
---------------+----------------------------+-----
Long Blades    | 3 4 5 7 8 10 11 | 11.2
Invocations    | 3 6 8 |  8.4
Armour         | 5 |  5.2
Dodging        | 2 |  2.3
Fighting       | 4 |  4.1
Shields        | |  3.6

Action                     |  1- 3 |  4- 6 |  7- 9 || total
---------------------------+-------+-------+-------++-------
  Melee: Long sword        |    61 |   113 |   330 ||   504
  Evoke: Wand              |       |       |    11 ||    11
    Use: Potion            |       |     1 |     2 ||     3
         Scroll            |       |       |    11 ||    11
 Armour: Scale mail        |    44 |    38 |   200 ||   282
  Dodge: Dodged            |    18 |    30 |   129 ||   177
  Block: Buckler           |    19 |    23 |   118 ||   160
         Reflection        |       |       |     9 ||     9

Table legend: (Time is in decaauts)
 A = Elapsed time spent in this place.
 B = Non-inter-level travel time spent in this place.
 C = Inter-level travel time spent in this place.
 D = Time resting spent in this place.
 E = Time spent auto-exploring this place.
 F = Levels seen in this place.
 G = Mean time per level.
                   A        B        C        D        E       F      G
               +--------+--------+--------+--------+--------+-----+--------+
         Total |   2299 |   2269 |     30 |      0 |   1187 |   8 |  287.4 |
       Dungeon |   2267 |   2237 |     30 |      0 |   1179 |   7 |  323.9 |
        Temple |     32 |     32 |      0 |      0 |      8 |   1 |   32.0 |
               +--------+--------+--------+--------+--------+-----+--------+

Top non-repeatable levels by time:
     D:5: 557 daAuts
     D:2: 443 daAuts
     D:7: 304 daAuts
     D:4: 292 daAuts
     D:6: 286 daAuts
     D:1: 237 daAuts
     D:3: 145 daAuts
  Temple: 32 daAuts
